Map: 스테이시스 - 래더

Players

Kelazhur

  • Race: Terran Terran
  • Spawn Location: 1:00

herO - Winner!

  • Race: Protoss Protoss
  • Spawn Location: 11:00

Event: IEM Season 13 - Katowice Server Qualifiers America

VOD

Have the link to the VOD?

Description

Time

  • Played on: Jan. 6, 2019, 5:24 p.m.
  • Length: 17:53

All games in this series

Show
View Real Time Build Order
Export as new Build Order

Kelazhur Terran 

Build Orders: Cyclone Opening 

Get SALT Encoding   

  12  0:00  SCV  
  13  0:13  SCV  
  14  0:18  Supply Depot  
  14  0:25  SCV  
  15  0:39  SCV  
  15  0:42  Barracks  
  16  0:48  Refinery  
  16  0:51  SCV  
  16  0:54  Refinery  
  17  1:04  SCV  
  18  1:16  SCV  
  19  1:29  Reaper, Orbital Command  
  20  1:37  Supply Depot  
  20  1:46  Factory  
  20  1:59  SCV  
  21  2:03  Reaper  
  22  2:11  SCV  
  23  2:24  SCV  
  24  2:32  Factory Tech Lab, Supply Depot  
  24  2:35  Starport  
  24  2:36  Barracks Reactor  
  24  2:38  SCV  
  25  2:50  SCV  
  26  2:53  Cyclone  
  29  3:03  SCV  
  30  3:15  Viking, SCV  
  33  3:25  Command Center  
  33  3:34  Cyclone  
  34  3:35  Marine x2  
  34  3:37  SCV  
  37  3:41  Supply Depot  
  37  3:45  Liberator  
  37  3:49  SCV  
  38  3:56  Marine  
  39  4:02  Marine  
  39  4:04  SCV  
  39  4:07  Supply Depot  
  44  4:10  Siege Tank  
  47  4:28  Marine x2, SCV  
  47  4:29  Supply Depot  
  47  4:30  Barracks  
  50  4:39  Orbital Command  
  50  4:41  SCV  
  51  4:47  Marine x2  
  53  4:53  SCV  
  53  4:58  Siege Tank  
  57  5:06  SCV  
  58  5:07  SCV  
  58  5:09  Marine x2  
  61  5:18  SCV  
  61  5:20  SCV  
  63  5:24  Viking  
  65  5:35  SCV  
  54  5:37  Siege Tank  
  54  5:38  Marine x2  
  54  5:40  SCV  
  51  5:46  Bunker  
  51  5:47  SCV  
  51  5:50  Barracks Tech Lab  
  51  5:52  Barracks  
  51  5:53  SCV, Engineering Bay  
  51  5:56  Marine x2  
  53  5:58  Viking  
  55  6:17  Marine x2  
  54  6:22  SCV  
  54  6:25  Siege Tank  
  54  6:29  Marine  
  54  6:31  Stimpack  
  54  6:32  SCV  
  54  6:34  SCV  
  54  6:36  Refinery  
  54  6:39  Terran Infantry Weapons Level 1  
  55  6:40  Marine x2  
  55  6:42  Starport Reactor  
  55  6:44  SCV  
  55  6:46  Refinery  
  58  6:47  Barracks Tech Lab  
  58  6:51  Marine  
  58  6:52  SCV  
  60  6:58  Marine x2  
  62  7:03  Missile Turret  
  62  7:04  SCV x2, Siege Tank  
  62  7:07  Marine  
  68  7:09  Marine  
  69  7:16  Marine x2, SCV x2  
  69  7:17  Combat Shield  
  69  7:22  Supply Depot  
  73  7:28  SCV x2  
  75  7:30  Marine  
  75  7:31  Marine, Supply Depot  
  77  7:43  Siege Tank  
  66  7:44  Medivac  
  80  7:45  Medivac  
  80  7:47  Missile Turret  
  80  7:48  Supply Depot  
  84  7:51  Missile Turret  
  84  7:55  Marine x4, Supply Depot  
  84  7:58  SCV x2  
  90  8:02  Command Center  
  90  8:09  Supply Depot  
  90  8:13  Marine x4  
  94  8:21  SCV x2  
  94  8:26  Medivac x2  
  103  8:27  Siege Tank  
  103  8:30  Marine x2  
  103  8:33  SCV x2  
  106  8:43  Marine  
  105  8:48  Marine  
  105  9:00  Viking  
  105  9:01  Viking  
  107  9:07  Marine  
  107  9:08  Marine x3  
  110  9:10  Bunker x2  
  99  9:25  Marine x4, Bunker x3  
  99  9:30  Viking  
  99  9:31  Viking  
  92  9:43  Marine x4  
  91  9:46  Orbital Command  
  84  10:01  Marine x3, Barracks  
  84  10:02  Barracks  
  84  10:03  Marine  
  90  10:08  Orbital Command  
  90  10:09  Factory Reactor  
  90  10:11  Viking x2  
  92  10:16  SCV x2  
  92  10:19  Marine, Terran Infantry Armor Level 1  
  95  10:24  Marine x2  
  97  10:35  SCV x2  
  99  10:36  SCV  
  99  10:37  Marine x2  
  102  10:43  Marine x2  
  104  10:50  Viking  
  104  10:51  Barracks Reactor  
  104  10:52  Barracks Reactor  
  104  10:55  Marine  
  107  10:57  Marine, Viking  
  107  10:59  Widow Mine  
  107  11:01  Marine  
  107  11:02  Widow Mine  
  116  11:07  Supply Depot  
  110  11:12  Supply Depot  
  110  11:14  Marine x2  
  110  11:15  Marine  
  113  11:19  Marine  
  113  11:20  Viking  
  113  11:21  Widow Mine  
  118  11:26  Supply Depot  
  118  11:27  Viking  
  118  11:30  Supply Depot  
  118  11:32  Marine x2  
  113  11:44  Marine x6  
  92  11:50  Marine x2  
  92  11:53  SCV  
  86  11:59  SCV x2  
  79  12:01  Marine  
  79  12:02  Marine x4  
  79  12:03  Marine  
  79  12:07  Marine  
  79  12:08  Marine  
  87  12:10  SCV  
  90  12:19  Marine x3  
  90  12:20  Marine x3  
  100  12:25  Medivac x2  
  98  12:31  Marine x2  
  98  12:34  Ghost Academy  
  100  12:37  Marine x2  
  100  12:41  Marine x4  
  104  12:46  Widow Mine x2  
  104  12:48  Marine  
  109  12:56  SCV x3  
  112  13:01  Armory  
  112  13:03  Medivac x2  
  112  13:04  Refinery  
  116  13:06  Marine x3  
  116  13:10  Command Center  
  120  13:13  Marine x2  
  120  13:16  Widow Mine x2  
  120  13:19  Personal Cloaking  
  128  13:21  Ghost x2  
  128  13:25  Marine  
  128  13:26  Marine x3  
  132  13:30  Marine  
  133  13:36  SCV  
  124  13:54  Ghost x2  
  124  13:55  Marine, Liberator  
  129  13:57  SCV x2  
  129  13:58  Terran Infantry Weapons Level 2, SCV  
  129  13:59  Marine x4  
  129  14:00  Marine  
  141  14:10  Widow Mine x2  
  143  14:19  Refinery  
  143  14:21  Marine x4  
  147  14:28  SCV x3  
  150  14:32  Ghost  
  150  14:33  Marine x2  
  154  14:40  Missile Turret  
  153  14:51  Marine x3  
  153  14:52  Marine x2, Marauder  
  160  14:53  Marine  
  160  14:55  Widow Mine x2  
  165  15:01  Marauder  
  167  15:14  Marine x2  
  167  15:15  Marine x3  
  167  15:16  Marine x2  
  173  15:23  Marauder, Planetary Fortress  
  173  15:25  Barracks x2  
  172  15:32  Marine  
  106  15:58  Marine  
  106  15:59  Marine x5, Marauder x2  
  106  16:01  Widow Mine x2  
  113  16:12  Medivac  
  113  16:13  Medivac  
  113  16:16  Marine x3  
  113  16:17  Marine, Command Center  
  115  16:21  Barracks Tech Lab, Barracks Reactor  
  115  16:23  Widow Mine x2  
  118  16:26  Ghost x2  
  118  16:27  Marine  
  122  16:41  Marine x4, Marauder  
  126  16:48  Medivac x2  
  126  16:49  Widow Mine  
  132  16:55  Marauder x2  
  110  17:11  Marine x8, Marauder  
  110  17:13  Widow Mine x2  
  106  17:16  Marine, Marauder  
  106  17:22  Viking  
  105  17:28  Marine  
  105  17:29  Marine  
  108  17:31  Marine  
  108  17:32  Marine x2  
Show
View Real Time Build Order
Export as new Build Order

herO Protoss - Winner!

Build Orders: Oracle Opening, Phoenix Opening 

Get SALT Encoding   

  12  0:00  Probe  
  13  0:13  Probe  
  14  0:18  Pylon  
  14  0:23  Probe  
  15  0:32  Probe  
  15  0:37  Gateway  
  15  0:40  Probe  
  16  0:47  Assimilator  
  17  0:52  Probe  
  18  1:04  Probe  
  19  1:16  Probe  
  20  1:18  Assimilator  
  20  1:22  Pylon  
  20  1:25  Cybernetics Core  
  20  1:28  Probe, Zealot  
  23  1:40  Probe  
  24  1:52  Probe  
  24  1:53  Adept  
  25  2:06  Stargate  
  25  2:07  Probe  
  27  2:17  Warp Gate  
  27  2:19  Adept  
  29  2:28  Pylon  
  29  2:40  Oracle  
  29  2:44  Nexus  
  32  2:55  Probe  
  33  3:07  Oracle  
  33  3:09  Probe  
  34  3:16  Pylon  
  37  3:23  Probe  
  38  3:28  Gateway  
  38  3:35  Probe  
  38  3:41  Gateway  
  39  3:48  Probe  
  40  3:55  Phoenix  
  42  3:56  Probe  
  42  4:00  Probe  
  44  4:08  Probe  
  45  4:12  Probe  
  45  4:16  Oracle  
  46  4:21  Probe  
  48  4:24  Probe  
  48  4:28  Zealot, Stalker  
  55  4:35  Stalker  
  57  4:38  Pylon  
  57  4:43  Oracle  
  58  4:57  Zealot, Stalker  
  58  4:59  Zealot  
  66  5:02  Shield Battery  
  66  5:04  Probe x2  
  68  5:13  Pylon  
  68  5:14  Pylon  
  66  5:23  Stalker x2  
  70  5:31  Stalker  
  70  5:35  Probe x2  
  65  5:45  Probe x2, Assimilator x2  
  67  5:53  Probe x2  
  67  5:56  Pylon  
  67  6:01  Probe x2  
  67  6:02  Fleet Beacon  
  71  6:13  Probe  
  71  6:14  Probe  
  62  6:27  Probe x2  
  62  6:35  Pylon  
  62  6:39  Tempest, Forge  
  62  6:40  Sentry x2, Zealot  
  62  6:42  Probe x2  
  70  6:49  Nexus  
  70  6:50  Pylon  
  75  6:55  Probe x2  
  75  6:59  Shield Battery  
  77  7:07  Probe x2  
  77  7:08  Twilight Council  
  79  7:14  Photon Cannon  
  79  7:16  Tempest  
  79  7:20  Probe  
  79  7:21  Probe  
  81  7:27  Shield Battery  
  86  7:30  Protoss Ground Armor Level 1  
  86  7:33  Probe x2  
  88  7:38  Sentry, Zealot x2  
  88  7:42  Charge  
  88  7:43  Assimilator  
  94  7:45  Assimilator  
  94  7:46  Probe x2  
  96  7:56  Gateway  
  96  7:58  Gateway  
  96  8:01  Tempest  
  99  8:08  Probe x2  
  99  8:09  Probe  
  102  8:20  Gateway  
  102  8:23  Probe x2  
  102  8:24  Probe, Gateway  
  105  8:27  Pylon  
  105  8:31  Tempest  
  100  8:44  Templar Archives  
  100  8:45  Robotics Facility  
  100  8:46  Zealot x2  
  100  8:47  Zealot  
  103  9:10  Tempest  
  103  9:14  Zealot  
  103  9:15  Zealot x5  
  112  9:20  Zealot  
  112  9:21  Probe x3  
  87  9:33  Probe x2  
  87  9:34  Probe  
  82  9:45  Templar Archives, Probe  
  82  9:46  Probe x2  
  82  9:51  Zealot  
  82  9:52  Zealot x3  
  93  9:53  Oracle  
  97  10:00  Sentry x2, Probe x3  
  97  10:01  Psionic Storm  
  101  10:12  Probe  
  101  10:13  Probe x2  
  104  10:22  High Templar x4  
  104  10:24  Probe  
  104  10:25  Probe x2  
  104  10:27  Robotics Facility  
  104  10:28  Gateway  
  115  10:31  Zealot  
  117  10:37  High Templar, Zealot  
  117  10:38  Tempest  
  121  10:45  Pylon x2  
  121  10:47  Pylon  
  126  10:55  Zealot x2  
  130  11:02  Zealot  
  130  11:03  Zealot x2  
  136  11:05  Zealot  
  136  11:08  Warp Prism  
  138  11:16  Tempest  
  145  11:27  Zealot x4  
  149  11:43  Archon  
  112  11:49  Warp Prism  
  94  11:57  Blink  
  78  12:01  Probe x3  
  78  12:04  High Templar x7  
  78  12:07  Zealot  
  95  12:12  Nexus  
  95  12:13  Pylon  
  95  12:14  Immortal, Photon Cannon  
  95  12:16  Shield Battery  
  99  12:33  Protoss Ground Armor Level 2  
  99  12:35  Stalker  
  99  12:36  Stalker x2  
  105  12:39  Zealot x3  
  105  12:43  Immortal  
  105  12:44  Stalker x2  
  110  12:53  Probe x3  
  117  13:14  Immortal  
  117  13:19  High Templar x2  
  119  13:20  Zealot x4  
  119  13:21  Zealot  
  119  13:25  Archon  
  133  13:29  Pylon  
  129  13:46  Probe x3  
  128  13:49  Tempest  
  128  13:53  Immortal  
  125  13:55  Probe  
  125  13:58  Probe x3  
  125  14:02  Stargate  
  133  14:04  Sentry  
  133  14:08  Probe, Assimilator x2  
  136  14:10  Probe x3  
  136  14:13  Pylon  
  136  14:14  Stalker x4  
  147  14:24  Tempest  
  147  14:27  Protoss Air Weapons Level 1  
  147  14:31  Sentry  
  147  14:32  Nexus  
  154  14:38  Oracle  
  154  14:41  Shield Battery  
  154  14:51  Observer, Protoss Ground Weapons Level 1  
  154  14:52  Forge  
  158  14:55  Pylon  
  158  15:02  Tempest  
  158  15:08  Zealot x5  
  158  15:09  Stargate  
  171  15:15  Zealot x3  
  173  15:24  Tempest  
  172  15:37  Stalker x4  
  172  15:40  Tempest  
  169  15:52  Archon x2  
  159  16:01  Probe x2  
  159  16:02  Probe x2  
  162  16:04  Probe, Assimilator  
  162  16:05  Warp Prism  
  163  16:11  Zealot x3  
  163  16:12  Zealot x2, Stalker x3  
  181  16:22  Oracle  
  184  16:35  Assimilator  
  184  16:36  Assimilator  
  184  16:37  High Templar x2  
  188  16:50  High Templar  
  188  16:51  Zealot x5  
  198  17:01  Archon  
  151  17:18  Stalker x7  
  163  17:39  Archon  
  157  17:47  Zealot x5  
  157  17:48  Zealot x3  

Tags
 
Add a new tag
Caveats
  • Supply blocks, unpowered buildings, or Contaminate may cause inaccurate times.
  • Supply counts are checked every 10 seconds.